 Dungeon Crawl Stone Soup version 0.28.0-45-g0d030f2227 (webtiles) character file.

Game seed: 15613647483043966722

104986 protoss039 the Warrior (level 15, -5/134 HPs)
             Began as a Demonspawn Earth Elementalist on May 30, 2022.
             Was the Champion of Vehumet.
             Blown up by an orb spider (51 damage)
             ... with an orb of destruction
             ... on level 1 of the Spider Nest.
             The game lasted 01:17:48 (40946 turns).

protoss039 the Warrior (DsEE)                      Turns: 40946, Time: 01:17:49

Health: -5/134     AC:  8    Str:  9    XL:     15   Next: 93%
Magic:  6/29       EV: 17    Int: 34    God:    Vehumet [******]
Gold:   1292       SH:  8    Dex: 13    Spells: 4/35 levels left

rFire   + . .      SeeInvis .   K - +2 whip (venom)
rCold   + . .      Faith    .   h - +2 buckler
rNeg    + . .      Spirit   .   m - +1 robe "Cuukh" {Int+6}
rPois   +          Reflect  .   N - +0 helmet
rElec   .          Harm     .   X - scarf {repulsion}
rCorr   +          Rampage  .   b - +0 pair of gloves
Will    +....                   e - +0 pair of boots
Stlth   ++........              B - amulet "Woes" {Acrobat rF+ rC+}
HPRegen 0.32/turn               J - ring of poison resistance
MPRegen 0.21/turn               I - ring of Joam Feg {rN+ rCorr Int+4}

@: agile, very slightly contaminated, slowed, repel missiles, very slow
A: rugged brown scales 1, foul stench 2, powered by pain 1, weakness stinger 2
a: Renounce Religion


You were on level 1 of the Spider Nest.
You worshipped Vehumet.
Vehumet was exalted by your worship.
You visited 5 branches of the dungeon, and saw 25 of its levels.

You collected 2537 gold pieces.
You spent 1245 gold pieces at shops.

Inventory:

Hand Weapons
 x - a +2 war axe of flaming
 K - a +2 whip of venom (weapon)
Missiles
 c - 457 stones
 A - 8 throwing nets
Armour
 b - a +0 pair of gloves (worn)
 e - a +0 pair of boots (worn)
 h - a +2 buckler (worn)
 j - +1 fire dragon scales
 m - the +1 robe "Cuukh" (worn) {Int+6}
   (You took it off a goblin on level 2 of the Dungeon)

   Int:       It affects your intelligence (+6).
 y - +0 acid dragon scales
 M - a +2 robe of willpower
 N - a +0 helmet (worn)
 X - a scarf of repulsion (worn)
Magical Staves
 t - a staff of conjuration
Jewellery
 n - a ring of fire
 u - a ring of magical power
 B - the amulet "Woes" (around neck) {Acrobat rF+ rC+}
   (You bought it in a shop on level 2 of the Orcish Mines)

   [amulet of the acrobat]

   It increases your evasion while moving and waiting.
   rF:        It protects you from fire.
   rC:        It protects you from cold.
 I - the ring of Joam Feg (right hand) {rN+ rCorr Int+4}
   (You bought it in a shop on level 2 of the Orcish Mines)

   [ring of positive energy]

   Int:       It affects your intelligence (+4).
   rN:        It protects you from negative energy.
   rCorr:     It protects you from acid and corrosion.
 J - a ring of poison resistance (left hand)
 W - a ring of flight
 Z - a ring of protection from cold
Wands
 g - a wand of charming (2)
 E - a wand of digging (11)
 T - a wand of acid (8)
Scrolls
 a - 5 scrolls of fear
 d - a scroll of identify
 k - 2 scrolls of immolation
 l - a scroll of torment
 o - 6 scrolls of fog
 q - 5 scrolls of magic mapping
 s - 2 scrolls of enchant weapon
 v - 5 scrolls of silence
 C - 2 scrolls of amnesia
 F - 4 scrolls of enchant armour
 R - 5 scrolls of blinking
 V - 5 scrolls of teleportation
 Y - a scroll of summoning
Potions
 i - 2 potions of cancellation
 p - 2 potions of magic
 r - 2 potions of heal wounds
 w - 2 potions of resistance
 z - 2 potions of haste
 D - 3 potions of lignification
 G - a potion of brilliance {unknown}
 H - a potion of ambrosia {unknown}
 P - a potion of berserk rage {unknown}
 Q - 2 potions of mutation
 U - 2 potions of might
Miscellaneous
 f - a phial of floods


   Skills:
 * Level 16.2 Fighting
 - Level 6.0 Armour
 - Level 3.0 Dodging
 - Level 3.0 Stealth
 - Level 9.0 Shields
 + Level 10.9 Spellcasting
 + Level 9.9 Conjurations
 - Level 9.0 Necromancy
 - Level 3.0 Transmutations
 * Level 2.6 Fire Magic
 + Level 11.0 Earth Magic


You had 4 spell levels left.
You knew the following spells:

 Your Spells              Type           Power      Damage    Failure   Level
a - Sandblast             Erth           100%       2d20      1%          1
b - Passwall              Tmut/Erth      50%        N/A       1%          2
c - Stone Arrow           Conj/Erth      100%       3d13      1%          3
e - Lee's Rapid Deconstr  Erth           38%        3d20*     1%          5
f - Starburst             Conj/Fire      28%        6d9       10%         6
g - Mephitic Cloud        Conj/Pois/Air  41%        N/A       1%          3
i - Borgnjor's Vile Clut  Necr/Erth      36%        N/A       1%          5
j - Iron Shot             Conj/Erth      37%        9d7       1%          6

Your spell library contained the following spells:

 Spells                   Type           Power      Damage    Failure   Level
 Spellforged Servitor     Conj/Summ      25%        N/A       58%         7
 Animate Skeleton         Necr           100%       N/A       1%          1
 Magic Dart               Conj           100%       1d8       1%          1
 Pain                     Necr           100%       1d9       1%          1
 Searing Ray              Conj           100%       2d8       1%          2
 Vampiric Draining        Necr           68%        2d10      1%          3
 Animate Dead             Necr           34%        N/A       1%          4
 Fulminant Prism          Conj/Hex       25%        3d14      1%          4
 Petrify                  Tmut/Erth      61%        N/A       1%          4
 Slow                     Hex            72%        N/A       3%          1
 Leda's Liquefaction      Hex/Erth       27%        N/A       3%          4
 Call Imp                 Summ           18%        N/A       4%          2
 Confusing Touch          Hex            18%        N/A       9%          3
 Gell's Gravitas          Tloc           18%        N/A       9%          3
 Lesser Beckoning         Tloc           18%        N/A       9%          3
 Summon Guardian Golem    Hex/Summ       18%        N/A       9%          3
 Teleport Other           Tloc           18%        N/A       9%          3
 Cause Fear               Hex            9%         N/A       30%         4
 Agony                    Necr           68%        N/A       1%          5
 Excruciating Wounds      Necr           34%        N/A       1%          5
 Fireball                 Conj/Fire      28%        3d12      1%          5
 Iskenderun's Battlesphe  Conj           72%        2d12      1%          5
 Orb of Destruction       Conj           36%        9d11      11%         7
 Yara's Violent Unravell  Hex/Tmut       14%        3d7       12%         5
 Death Channel            Necr           34%        N/A       12%         6
 Conjure Ball Lightning   Conj/Air       25%        3x3d7     16%         6
 Statue Form              Tmut/Erth      40%        N/A       26%         6
 Dispersal                Tloc           9%         N/A       99%         6
 Dragon Form              Tmut           19%        N/A       100%        7
 Enfeeble                 Hex            9%         N/A       100%        7
 Disjunction              Tloc           9%         N/A       100%        8
 Dragon's Call            Summ           9%         N/A       100%        9


Dungeon Overview and Level Annotations

Branches:
Dungeon (15/15)            Temple (1/1) D:7            Lair (6/6) D:10
  Swamp (0/4) Lair:3       Spider (1/4) Lair:4        Slime (0/5) Lair:6
    Orc (2/2) D:9             Elf (0/3) Orc:2        Vaults (0/5) D:13
 Depths (0/4) D:15

Altars:
Ashenzari
Cheibriados
Dithmenos
Elyvilon
Fedhas
Gozag
Hepliaklqana
Kikubaaqudgha
Makhleb
Nemelex Xobeh
Okawaru
Qazlal
Ru
Sif Muna
Trog
Uskayaw
Vehumet
Wu Jian
Xom
Yredelemnul
Zin
The Shining One
Beogh
Jiyva

Shops:
D:4 =   D:10 [   Orc:2 =(*[*

Portals:
Hell: Lair:6
Trove: D:10 (give 5 scrolls of fog)

Annotations:
D:9 exclusion: 3 killer bees


Innate Abilities, Weirdness & Mutations

You are partially covered in rugged brown scales. (AC +1, +3% HP)
You sometimes emit foul miasma when damaged in melee.
You sometimes gain a little power by taking damage.
You have a tail ending in a sharp stinger.


Message History

You don't have enough magic to cast this spell.
Unknown command.
Magic courses through your body.
The torpor snail is engulfed in dark miasma.
The torpor snail looks even sicker.
The torpor snail closely misses you.
The orb spider spins a strand of pure energy.
Unknown command.
Unknown command.
Unknown command.
Casting: Sandblast (safe; 1% risk of failure)
Confirm with . or Enter, or press ? or * to list all spells.
Aiming: Borgnjor's Vile Clutch (mildly dangerous; 1% risk of failure)
Press: ? - help, Shift-Dir - straight line, f/p - torpor snail
Aim: a torpor snail (foul pestilence, heavily wounded, very poisoned, 100% to hit)
You miscast Borgnjor's Vile Clutch.
You are very lightly contaminated with residual magic.
Nothing appears to happen.
The entropy weaver shouts!
A jumping spider comes into view.
The torpor snail is engulfed in dark miasma.
The torpor snail looks as sick as possible!
You block the torpor snail's attack.
A jumping spider comes into view.
The orb spider weaves a glowing orb of energy.
The torpor snail is engulfed in dark miasma.
The torpor snail looks as sick as possible!
The torpor snail bites you but does no damage.
An orb of destruction comes into view.
Unknown command.
Unknown command.
Casting: Borgnjor's Vile Clutch (mildly dangerous; 1% risk of failure)
Confirm with . or Enter, or press ? or * to list all spells.
Aiming: Iron Shot (dangerous; 1% risk of failure)
Press: ? - help, Shift-Dir - straight line, f/p - torpor snail
Aim: a torpor snail (foul pestilence, severely wounded, extremely poisoned, 100% to hit)
The iron shot hits the torpor snail!!
The torpor snail is almost dead.
The jumping spider hisses angrily. x2
The jumping spider leaps! x2; The orb of destruction hits you!!!
You die...

#.....#.#.### .
#.....#...#.## ..
###...#...#..# ..#
####...........# s... ##
#..##..........# ...[.
###.##.^.######...#s#....#
##.#..#...#..(☼s○°.....#
##..#..#...#.○☼...##..#..#
#>..##.....#@###..#...#..#
###..^##...###w.######...$..
#.##...#..##.#....# .#...[##
##..#.#.^.##..#...### .
..#..#
#.....#...#..###..#.##.
.#####
###......#...#.#..#..#. .# .
#.###...#.#...#....####.#....
#^.^........^##......†^†.....
#
##<....#.....#..#######......


You could see a torpor snail (extremely poisoned) and an orb spider.

Vanquished Creatures
  Rupert (Lair:4)
  An emperor scorpion (Lair:4)
  An orc warlord (Orc:2)
  2 spark wasps
  An ettin (Orc:1)
  A vault guard (D:10)
  9 boulder beetles
  An ogre mage (D:15)
  17 hydras
  3 catoblepae
  5 centaur warriors
  7 two-headed ogres
  A tengu warrior (D:15)
  3 orc high priests (Orc:2)
  Urug (Lair:1)
  Sonja (Lair:6)
  A sixfirhy (Lair:6)
  A steelbarb worm (Spider:1)
  2 orb spiders (Spider:1)
  A necromancer (D:13)
  A lindwurm (Lair:5)
  A wizard (Lair:6)
  A deep elf pyromancer (D:15)
  4 orc knights
  4 wolf spiders (Spider:1)
  5 orc sorcerers (Orc:2)
  An oklob plant (Lair:4)
  5 cyclopes
  9 ugly things
  3 manticores
  3 elephants (Lair:4)
  9 black mambas
  7 orange demons
  3 gargoyles
  5 torpor snails
  2 unseen horrors (D:12)
  3 kobold demonologists
  6 demonic crawlers (Spider:1)
  Psyche (D:9)
  13 cane toads
  7 rime drakes
  A hellwing (Lair:6)
  A tengu conjurer (D:15)
  6 komodo dragons
  3 ice devils (Lair:6)
  3 red devils
  8 trolls
  2 hornets
  A tyrant leech (Lair:3)
  3 polar bears
  5 tarantellas (Spider:1)
  A blink frog (Lair:6)
  4 dream sheep
  5 slime creatures
  3 jumping spiders (Spider:1)
  A culicivora (Spider:1)
  A wraith (D:11)
  3 wyverns
  A vampire (D:8)
  48 yaks
  5 basilisks
  8 redbacks (Spider:1)
  7 vampire mosquitoes
  Grum (D:9)
  3 wargs (Orc:1)
  5 swamp worms (Lair:3)
  An acid dragon (D:12)
  4 hell hounds (Lair:6)
  16 water moccasins
  2 black bears
  A sky beast (D:8)
  An ice beast (D:6)
  41 orc warriors
  9 ogres
  4 centaurs
  2 necrophages
  34 wolves
  A phantom (D:5)
  7 kobold brigands
  Blork the orc (D:5)
  18 bullfrogs
  3 gnoll sergeants
  10 scorpions
  A water moccasin zombie (D:6)
  3 jellies
  2 water moccasin skeletons
  10 wights
  3 electric eels
  8 howler monkeys
  A centaur zombie (D:6)
  3 centaur skeletons
  6 hounds
  32 orc priests
  27 orc wizards
  4 gnoll shamans
  An iron imp (D:5)
  Ijyb (D:5)
  4 iguanas
  4 hell rats (Lair:4)
  A hound skeleton (D:5)
  A howler monkey zombie (D:8)
  26 gnolls
  7 adders
  3 white imps
  5 worms
  6 dart slugs
  111 orcs
  8 ball pythons
  12 bats
  4 endoplasms
  3 giant cockroaches
  12 hobgoblins
  7 jackals
  6 quokkas
  2 frilled lizards
  11 goblins
  21 kobolds
  A quokka skeleton (D:4)
  6 rats
800 creatures vanquished.

Vanquished Creatures (collateral kills)
  An orb spider (Spider:1)
1 creature vanquished.

Vanquished Creatures (others)
  An orc (Orc:2)
  33 fungi
  66 plants
100 creatures vanquished.

Grand Total: 901 creatures vanquished

Notes
Turn   | Place    | Note
-------+----------+-------------------------------------------
     0 | D:1      | protoss039 the Demonspawn Earth Elementalist began the
                  | quest for the Orb.
     0 | D:1      | Reached XP level 1. HP: 13/13 MP: 3/3
    19 | D:1      | Reached skill level 1 in Transmutations
   518 | D:1      | Gained mutation: You may rarely emit foul miasma when
                  | damaged in melee. [demonic ancestry]
   518 | D:1      | Reached XP level 2. HP: 20/20 MP: 1/5
   578 | D:1      | Reached skill level 1 in Fighting
   693 | D:1      | Gained mutation: You have a small tail. [demonic ancestry]
   693 | D:1      | Reached XP level 3. HP: 19/26 MP: 6/6
  1031 | D:1      | Found a faded altar of an unknown god.
  1235 | D:1      | Learned a level 2 spell: Passwall
  1239 | D:1      | Learned a level 3 spell: Stone Arrow
  1790 | D:2      | Identified the +1 robe "Cuukh" {Int+6}
  2179 | D:3      | Reached XP level 4. HP: 28/33 MP: 7/7
  2299 | D:3      | Found a sparkling altar of Nemelex Xobeh.
  2952 | D:4      | Reached skill level 2 in Fighting
  2952 | D:4      | Reached skill level 1 in Armour
  2952 | D:4      | Reached skill level 1 in Shields
  2952 | D:4      | Reached skill level 1 in Conjurations
  3011 | D:4      | Reached XP level 5. HP: 38/38 MP: 6/8
  3097 | D:4      | Noticed a black bear
  3104 | D:4      | Noticed an ogre
  3106 | D:4      | Killed a black bear
  3113 | D:4      | Reached XP level 6. HP: 23/46 MP: 0/10
  3285 | D:3      | Learned a level 3 spell: Mephitic Cloud
  3431 | D:4      | Found Pottuhyph's Jewellery Shoppe.
  3482 | D:4      | Reached skill level 3 in Fighting
  3793 | D:4      | Reached XP level 7. HP: 44/52 MP: 4/11
  4241 | D:4      | Reached skill level 4 in Fighting
  4485 | D:4      | Got the Compendium of Creative Arcane Weapons
  4683 | D:5      | Entered Level 5 of the Dungeon
  4765 | D:5      | Found a snail-covered altar of Cheibriados.
  4812 | D:5      | Noticed Blork the orc
  4819 | D:5      | Killed Blork the orc
  5252 | D:5      | Noticed Ijyb
  5255 | D:5      | Gained mutation: You sometimes emit foul miasma when
                  | damaged in melee. [demonic ancestry]
  5255 | D:5      | Reached XP level 8. HP: 61/61 MP: 13/13
  5257 | D:5      | Killed Ijyb
  5859 | D:5      | Reached skill level 5 in Fighting
  6040 | D:5      | Found a bloodstained altar of Trog.
  6648 | D:6      | Reached XP level 9. HP: 58/69 MP: 6/15
  6763 | D:6      | Reached skill level 5 in Shields
  7134 | D:6      | Reached skill level 6 in Fighting
  8296 | D:7      | Reached skill level 5 in Earth Magic
  8579 | D:7      | Reached skill level 7 in Fighting
  8722 | D:7      | Found a staircase to the Ecumenical Temple.
  8731 | Temple   | Entered the Ecumenical Temple
  8885 | Temple   | Became a worshipper of Vehumet
  9342 | D:8      | Noticed a two-headed ogre
  9346 | D:8      | Killed a two-headed ogre
  9347 | D:8      | Reached skill level 5 in Spellcasting
  9347 | D:8      | Reached skill level 5 in Conjurations
  9347 | D:8      | Gained mutation: You sometimes gain a little power by
                  | taking damage. [demonic ancestry]
  9347 | D:8      | Reached XP level 10. HP: 76/79 MP: 13/17
  9992 | D:8      | Found an iron altar of Okawaru.
 10825 | D:9      | Reached * piety under Vehumet
 10825 | D:9      | Offered knowledge of Freeze by Vehumet.
 10850 | D:9      | Found a hazy altar of Hepliaklqana.
 11023 | D:9      | Reached skill level 8 in Fighting
 11023 | D:9      | Reached skill level 5 in Armour
 11585 | D:9      | Noticed Psyche
 11585 | D:9      | Noticed Grum
 11589 | D:9      | Killed Psyche
 11596 | D:9      | Killed Grum
 11889 | D:9      | Offered knowledge of Foxfire by Vehumet.
 11892 | D:9      | Reached ** piety under Vehumet
 12383 | D:9      | Found a staircase to the Orcish Mines.
 12635 | D:10     | Entered Level 10 of the Dungeon
 12715 | D:10     | Noticed a gargoyle
 12717 | D:10     | Killed a gargoyle
 12718 | D:10     | Reached XP level 11. HP: 87/87 MP: 20/20
 13016 | D:10     | Found Peestide's Antique Armour Shop.
 13068 | D:10     | Noticed a vault guard
 13080 | D:10     | Killed a vault guard
 13182 | D:10     | Found a portal to a secret trove of treasure.
 13214 | D:10     | Found a staircase to the Lair.
 13220 | D:10     | Reached skill level 9 in Fighting
 13505 | D:10     | Learned a level 5 spell: Borgnjor's Vile Clutch
 13776 | D:11     | Noticed a boulder beetle
 13896 | D:11     | Killed a boulder beetle
 13897 | D:11     | Reached skill level 1 in Necromancy
 14950 | D:11     | Noticed a two-headed ogre
 14955 | D:11     | Killed a two-headed ogre
 14955 | D:11     | Offered knowledge of Frozen Ramparts by Vehumet.
 15727 | D:12     | Identified the +5 scale mail "Icruxzan" {Slay+3}
 15732 | D:12     | Noticed a white ugly thing
 15755 | D:12     | Killed a white ugly thing
 16411 | D:12     | Found an iron altar of Okawaru.
 16854 | D:12     | Reached *** piety under Vehumet
 16863 | D:12     | Reached skill level 10 in Fighting
 17400 | D:12     | Offered knowledge of Dazzling Flash by Vehumet.
 17458 | D:12     | Learned a level 6 spell: Iron Shot
 17654 | D:13     | Noticed a purple ugly thing
 17679 | D:13     | Noticed a boulder beetle
 17695 | D:12     | Killed a boulder beetle
 17696 | D:12     | Gained mutation: You have a tail ending in a sharp stinger.
                  | [demonic ancestry]
 17696 | D:12     | Reached XP level 12. HP: 30/97 MP: 15/22
 17958 | D:13     | Reached skill level 5 in Necromancy
 18277 | D:13     | Noticed a two-headed ogre
 18284 | D:13     | Killed a two-headed ogre
 18351 | D:13     | Noticed a centaur warrior
 18395 | D:13     | Killed a centaur warrior
 18475 | D:13     | Found a gate to the Vaults.
 18876 | D:13     | Noticed a boulder beetle
 18891 | D:13     | Killed a boulder beetle
 19376 | D:13     | Noticed a two-headed ogre
 19382 | D:13     | Killed a two-headed ogre
 19859 | D:14     | Reached skill level 11 in Fighting
 19862 | D:14     | HP: 5/100 [red ugly thing (12)]
 20233 | D:13     | Learned a level 5 spell: Iskenderun's Battlesphere
 20234 | D:14     | Noticed a centaur warrior
 20237 | D:14     | Killed a centaur warrior
 20636 | D:14     | Reached **** piety under Vehumet
 20970 | D:14     | Offered knowledge of Hailstorm by Vehumet.
 21089 | D:14     | Reached XP level 13. HP: 78/106 MP: 2/24
 21516 | D:15     | Entered Level 15 of the Dungeon
 21845 | D:15     | Paralysed by an ogre mage for 4 turns
 22728 | D:15     | Reached skill level 12 in Fighting
 22893 | D:15     | Noticed a dire elephant
 23393 | D:15     | Found a staircase to the Depths.
 23955 | Lair:1   | Entered Level 1 of the Lair of Beasts
 24359 | Lair:1   | Noticed Urug
 24968 | Lair:1   | Killed Urug
 25970 | Lair:2   | Found a shadowy altar of Dithmenos.
 26255 | Lair:2   | Reached ***** piety under Vehumet
 26261 | Lair:2   | Offered knowledge of Sticky Flame by Vehumet.
 26941 | Lair:3   | Reached XP level 14. HP: 71/116 MP: 26/26
 27152 | Lair:3   | Reached skill level 13 in Fighting
 28339 | Lair:3   | Found a staircase to the Swamp.
 29365 | Lair:4   | Noticed Rupert
 29379 | Lair:4   | Killed Rupert
 29775 | Lair:4   | Found a hole to the Spider Nest.
 29896 | Lair:4   | Reached skill level 14 in Fighting
 30101 | Lair:5   | Learned a level 5 spell: Lee's Rapid Deconstruction
 31421 | Lair:5   | Reached skill level 10 in Earth Magic
 31434 | Lair:5   | HP: 5/121 [boulder beetle (18)]
 32357 | Lair:6   | Entered Level 6 of the Lair of Beasts
 32362 | Lair:6   | Reached skill level 10 in Spellcasting
 32969 | Lair:6   | Found a viscous altar of Jiyva.
 32969 | Lair:6   | Found a staircase to the Slime Pits.
 33046 | Lair:6   | Noticed Sonja
 33049 | Lair:6   | Killed Sonja
 33050 | Lair:6   | Gained mutation: You are partially covered in rugged brown
                  | scales. (AC +1, +3% HP) [demonic ancestry]
 33050 | Lair:6   | Reached XP level 15. HP: 118/130 MP: 16/29
 33053 | Lair:6   | Reached skill level 15 in Fighting
 33977 | Lair:6   | Found a burning altar of Makhleb.
 33985 | Lair:6   | Found a gateway to Hell.
 35316 | Orc:1    | Entered Level 1 of the Orcish Mines
 35604 | D:9      | Reached ****** piety under Vehumet
 35606 | D:9      | Offered knowledge of Eringya's Noxious Bog by Vehumet.
 37032 | Orc:2    | Entered Level 2 of the Orcish Mines
 37043 | Orc:2    | Found Citz's General Store.
 37256 | Orc:2    | Found a staircase to the Elven Halls.
 37309 | Orc:2    | Noticed an orc warlord
 37331 | Orc:2    | Killed an orc warlord
 37348 | Orc:2    | Offered knowledge of Lightning Bolt by Vehumet.
 39048 | Orc:2    | Found Rekhamie's Antique Armour Shop.
 39049 | Orc:2    | Found Gouqycs's Antique Weapon Shop.
 39051 | Orc:2    | Found Caxker Iddu's General Store.
 39051 | Orc:2    | Found Tuwitzis's Jewellery Boutique.
 39056 | Orc:2    | Bought a scroll of fear for 49 gold pieces
 39057 | Orc:2    | Bought the amulet "Woes" {Acrobat rF+ rC+} for 663 gold
                  | pieces
 39062 | Orc:2    | Bought the ring of Joam Feg {rN+ rCorr Int+4} for 533 gold
                  | pieces
 39210 | Orc:2    | Learned a level 6 spell: Starburst
 39531 | Spider:1 | Entered Level 1 of the Spider Nest
 39729 | Spider:1 | Reached skill level 16 in Fighting
 39729 | Spider:1 | Reached skill level 1 in Fire Magic
 40139 | Spider:1 | Noticed an emperor scorpion
 40309 | Lair:4   | Killed an emperor scorpion
 40612 | Spider:1 | Offered knowledge of Spellforged Servitor by Vehumet.
 40946 | Spider:1 | Blown up by an orb spider

Illustrated notes

Levels and vault maps discovered:
D:1:      grunt_arrival_lava_bath, layout_basic,
          dilly_ecumenical_altar_fadedgnrine
D:2:      minmay_wonky_spiral, layout_rooms
D:3:      layout_basic, mainiacjoe_overflow_alcove_4, roderic_roman_lattice,
          minmay_misc_feat_four_crosses, kennysheep_generic_room_12
D:4:      minmay_octagon_keep, layout_loops_ring, serial_shops,
          nicolae_diamond_shop
D:5:      layout_basic, trog_hazing_becter, chei_slow_surprise, minivault_19,
          st_stairs_2, minmay_misc_feat_plants, grunt_ministairs_9,
          minivault_27, uniq_blork_the_orc, uniq_ijyb
D:6:      layout_cave_pools, serial_gnoll_camp, gnoll_camp_medium_02,
          gnoll_camp_mini_hut, gnoll_camp_medium_01, gnoll_camp_mini_doghouse
D:7:      minmay_evil_eye, layout_loops_ring, minmay_temple_entry_stoned_glass
D:8:      layout_basic, lemuel_round_altar, nrook_campfire
D:9:      layout_long_grid, mainiacjoe_overflow_large_starburst, david_orc_4,
          uniq_psyche, uniq_grum
D:10:     layout_long_grid, lair_entry_dummy, enter_trove_5, serial_shops,
          nicolae_diamond_shop
D:11:     layout_grid_maze
D:12:     layout_long_grid, special_room [special_room_orc], okawaru_trees_2
D:13:     layout_basic, david_vaults_1, serial_glass, glass_columns_b,
          glass_columns_a, st_stairs_14, minmay_stone_trees_large
D:14:     layout_stronghold, hangedman_decor_clover_reticule,
          minmay_beelzebubs_servants
D:15:     hangedman_depths_entry_try_elsewhere_first, layout_stronghold,
          minmay_misc_feat_five
Temple:   regret_index_temple_sphere_string
Lair:1:   layout_cave_shapes, lemuel_fruit_tree, uniq_urug
Lair:2:   layout_cave_pods, basic_altar, chequers_serial_rivers_micro_c,
          roderic_batcave, minivault_27, beast_lair_carwin_2, grunt_megastairs_4
Lair:3:   layout_chaotic_city, palyth_hydra_swamp_entry
Lair:4:   layout_big_grid, nicolae_spider_entry_non_spiders, grunt_megastairs_3,
          serial_bayou_shore_a, uniq_rupert
Lair:5:   nzn_winding_woodlands_large [nzn_winding_woodlands_5x5_closed_star,
          nzn_winding_woodlands_5x15_pockets, nzn_winding_woodlands_hourglass,
          nzn_winding_woodlands_center_garden,
          nzn_winding_woodlands_15x15_thick_spiral,
          nzn_winding_woodlands_center_triple_pond,
          nzn_winding_woodlands_5x5_perimeter, nzn_winding_woodlands_5x15_pool,
          nzn_winding_woodlands_5x5_checkerboard], layout_misc_corridors,
          infiniplex_staircase_pool
Lair:6:   evil_forest, layout_concentric_octagons,
          dpeg_slime_entry_enclosed_altar, serial_bayou_pond_a,
          infiniplex_staircase_pool_2, uniq_sonja
Spider:1: cheibrodos_forgotten_conduit, nicolae_spider_undead_wolf_pack
Orc:1:    nicolae_orc_accident_3, layout_caves, minmay_orc_temple_b
Orc:2:    st_orc_congregation, layout_diamond_mine, basic_altar, serial_shops,
          nicolae_shop_stone

Skill      XL: |  1  2  3  4  5  6  7  8  9 10 11 12 13 14 15 |
---------------+----------------------------------------------+-----
Transmutations | 1 3 |  3.0
Fighting       | 1 2 3 4 5 7 8 10 11 12 14 16 | 16.2
Earth Magic    | 3 4 5 6 7 8 10 11 | 11.0
Armour         | 1 2 3 4 5 6 |  6.0
Shields        | 1 2 3 4 6 7 8 9 |  9.0
Conjurations   | 1 2 3 5 6 7 8 9 |  9.9
Spellcasting   | 3 4 5 6 7 8 10 | 10.9
Necromancy     | 4 6 8 9 |  9.0
Dodging        | 3 |  3.0
Stealth        | 3 |  3.0
Fire Magic     | 2 |  2.6

Action                   |  1- 3 |  4- 6 |  7- 9 | 10-12 | 13-15 || total
-------------------------+-------+-------+-------+-------+-------++-------
Melee: Short sword       |    62 |    58 |    56 |     5 |       ||   181
       Dagger            |     2 |       |       |       |       ||     2
       Tailslap          |     4 |     6 |     9 |    21 |    84 ||   124
       Whip              |       |       |       |   100 |   320 ||   420
 Cast: Sandblast         |    13 |    28 |    71 |    80 |    41 ||   233
       Stone Arrow       |       |     3 |   122 |   240 |   203 ||   568
       Mephitic Cloud    |       |       |       |    45 |   114 ||   159
       Passwall          |       |       |       |     4 |     2 ||     6
       Borgnjor's Vile C |       |       |       |    12 |   195 ||   207
       Iron Shot         |       |       |       |     5 |   130 ||   135
       Iskenderun's Batt |       |       |       |       |    39 ||    39
       Lee's Rapid Decon |       |       |       |       |     5 ||     5
       Starburst         |       |       |       |       |     5 ||     5
  Use: Scroll            |       |       |     6 |    13 |    16 ||    35
       Potion            |       |       |       |     6 |    11 ||    17
 Stab: Sleeping          |     6 |     4 |       |       |       ||    10
       Confused          |       |       |       |     3 |    22 ||    25
Armor: Robe              |     7 |    10 |    21 |    54 |   141 ||   233
Dodge: Dodged            |    36 |    36 |    47 |    94 |   303 ||   516
       Repelled          |       |       |       |       |     7 ||     7
Block: Buckler           |     5 |    23 |    36 |    87 |   226 ||   377
